[Event "November 21 Late 2023"]
[Site "https://www.chess.com"]
[Date "2023.11.21"]
[Round "2"]
[White "Baches Garcia, Guillermo"]
[Black "Rosen, Eric"]
[Result "1-0"]
[Board "55"]
[TimeControl "180+1"]
[WhiteFideId "2209764"]
[BlackFideId "2032562"]
[WhiteElo "2520"]
[BlackElo "2346"]
[WhiteTeam "ESP"]
[BlackTeam "USA"]
[WhiteClock "0:00:21"]
[BlackClock "0:00:18"]

1. d4 d5 2. Nf3 Nf6 3. Bg5 Ne4 4. Bf4 c5 5. dxc5 e6 6. e3 Bxc5 7. Nbd2 Qa5 8. Bd3 O-O 9. O-O Nxd2 10. Nxd2 Be7 11. c4 Rd8 12. Nb3 Qb6 13. c5 Qb4 14. a3 Qa4 15. Bc2 Qe8 16. Rc1 Nc6 17. Nd4 f6 18. b4 e5 19. Nxc6 bxc6 20. Bg3 Be6 21. Qd3 g6 22. f4 e4 23. Qd4 Qf7 24. Be1 Bf8 25. Bc3 Bg7 26. Ba4 Rac8 27. Qd2 Rc7 28. Bd4 Bc8 29. h3 Ba6 30. Rf2 Bd3 31. Bc2 Bc4 32. Kh2 h5 33. Qc3 Re8 34. a4 Rb7 35. Rb1 Reb8 36. Bd1 h4 37. Rfb2 a6 38. Be2 Qe7 39. Bxc4 dxc4 40. Qxc4+ Kh7 41. b5 axb5 42. axb5 cxb5 43. Rxb5 Rxb5 44. Rxb5 Rc8 45. c6 Qd6 46. Rb7 Rc7 47. Rxc7 Qxc7 48. Qd5 Bf8 49. Qd7+ Qxd7 50. cxd7 Be7 51. Bb6 g5 52. d8=Q Bxd8 53. Bxd8 Kg6 54. fxg5 fxg5 55. g4 hxg3+ 56. Kxg3 Kf5 57. Be7 Ke6 58. Bxg5 Kf5 59. Bf4 Kg6 60. h4 Kf5 61. Kh3 Ke6 62. h5 Kf5 63. Kh4 Kf6 64. h6 Kf5 65. Kh5 Kf6 66. Kg4 Kg6 67. Kg3 Kf5 68. Kf2 Kg6 69. Ke1 Kf6 70. Kd2 Kg6 71. Kc3 Kh7 72. Kc4 Kg6 73. Kc5 Kf7 74. Kc6 Ke6 75. Kc7 Kf6 76. Kd6 Kg6 77. Kd5 Kh7 78. Kxe4 Kg6 79. Ke5 Kf7 80. Kf5 Kg8 81. e4 Kh7 82. Be3 Kg8 83. Bd2 Kh7 84. e5 Kg8 85. Bc1 Kh7 86. Bd2 Kg8 87. Bf4 Kh8 88. Kg6 Kg8 89. e6 Kf8 90. Bd6+ Kg8 91. e7 Kh8 92. e8=Q# 1-0

[Event "November 21 Late 2023"]
[Site "https://www.chess.com"]
[Date "2023.11.21"]
[Round "2"]
[White "Horak, Martin"]
[Black "Margvelashvili, Giorgi"]
[Result "0-1"]
[Board "57"]
[TimeControl "180+1"]
[WhiteFideId "367095"]
[BlackFideId "13602926"]
[WhiteElo "2091"]
[BlackElo "2549"]
[WhiteTeam "CZE"]
[BlackTeam "GEO"]
[WhiteClock "0:00:00"]
[BlackClock "0:00:15"]

1. e4 c6 2. Nf3 d5 3. Nc3 Bg4 4. Be2 e6 5. d4 Nf6 6. e5 Nfd7 7. Ng5 Bxe2 8. Qxe2 g6 9. Qf3 Qe7 10. h4 h6 11. Nh3 Qxh4 12. Be3 Bb4 13. O-O-O Qe7 14. g4 Bxc3 15. bxc3 Na6 16. Ng1 O-O-O 17. Rxh6 Rxh6 18. Bxh6 Nc7 19. Ne2 Nb5 20. Rh1 Nb6 21. Kb1 Nc4 22. Bc1 Nba3+ 23. Ka1 Nxc2+ 24. Kb1 N2a3+ 25. Ka1 Nb5 26. Rh7 Rd7 27. Qd3 a5 28. f4 Kc7 29. f5 gxf5 30. gxf5 exf5 31. Qxf5 Qe6 32. Qxe6 fxe6 33. Rh6 Rf7 34. Nf4 Nxc3 35. Rxe6 Rh7 36. Rg6 Rh1 37. Nd3 Rh2 38. Nb2 Na3 0-1

[Event "November 21 Late 2023"]
[Site "https://www.chess.com"]
[Date "2023.11.21"]
[Round "2"]
[White "Arifarsky"]
[Black "NigelDwarf"]
[Result "0-1"]
[Board "58"]
[TimeControl "180+1"]
[WhiteElo "2787"]
[BlackElo "2515"]
[WhiteClock "0:00:08"]
[BlackClock "0:00:08"]

1. d4 Nf6 2. Nf3 c5 3. e3 g6 4. Be2 Bg7 5. O-O O-O 6. b3 cxd4 7. exd4 d5 8. Bb2 Nc6 9. Nbd2 Bf5 10. a3 Rc8 11. Rc1 Qd6 12. c4 dxc4 13. Nxc4 Qd5 14. Ne3 Qd7 15. d5 Nb8 16. Ne5 Qd6 17. Nxf5 gxf5 18. Nc4 Qxd5 19. Qe1 Nc6 20. Bf3 Qe6 21. Qd2 Ne4 22. Qe2 b5 23. Bxg7 Kxg7 24. Ne3 Nd4 25. Qb2 Rfd8 26. Rcd1 Nc3 27. Rc1 Nxf3+ 28. gxf3 Rd3 29. Kh1 f4 30. Rg1+ Kh8 31. Nd1 Qd5 32. Nxc3 Qxf3+ 33. Rg2 Rdxc3 34. b4 f6 35. Rg1 Rg8 36. Qd2 Rxg2 37. Rxg2 Rd3 38. Qc2 Rd1+ 39. Qxd1 Qxd1+ 40. Rg1 Qf3+ 41. Rg2 h5 42. h4 Qxa3 43. Kh2 Qxb4 44. Kh3 Qc3+ 45. f3 Qxf3+ 46. Kh2 Qe3 47. Rg3 0-1

[Event "November 21 Late 2023"]
[Site "https://www.chess.com"]
[Date "2023.11.21"]
[Round "2"]
[White "Petukhov, Dmitry"]
[Black "Skvortsov, Andrei"]
[Result "1-0"]
[Board "59"]
[TimeControl "180+1"]
[WhiteFideId "4142748"]
[BlackFideId "24108600"]
[WhiteElo "2269"]
[BlackElo "2357"]
[WhiteTeam "RUS"]
[BlackTeam "MNE"]
[WhiteClock "0:00:51"]
[BlackClock "0:00:18"]

1. e4 c5 2. c3 a6 3. d4 cxd4 4. cxd4 d5 5. exd5 Nf6 6. Nc3 Nxd5 7. Bc4 Be6 8. Qb3 Nxc3 9. Bxe6 fxe6 10. bxc3 Qd5 11. Nf3 Nd7 12. c4 Qe4+ 13. Be3 g5 14. O-O h6 15. d5 exd5 16. Qxb7 Rb8 17. Qxd5 Qxd5 18. cxd5 Bg7 19. Bd4 Nf6 20. Rfe1 Rd8 21. Bxf6 Bxf6 22. Rad1 Rd6 23. Ne5 O-O 24. Nc6 Kf7 25. g4 h5 26. h3 Rh8 27. Kg2 hxg4 28. hxg4 Rh4 29. f3 Rh8 30. Kg3 Rc8 31. f4 Bc3 32. Rf1 gxf4+ 33. Kxf4 e6 34. Ne5+ Ke7 35. dxe6 Rf8+ 36. Ke4 Rxe6 37. Rxf8 Rxe5+ 38. Kd3 Rd5+ 39. Kxc3 Rxd1 40. Rf4 Rg1 41. Rd4 Rb1 42. a4 Kf6 43. Kc4 a5 44. Kc5 Kg5 45. Kc6 Rb4 46. Rd5+ Kxg4 47. Rxa5 Kf4 48. Kc5 Rb1 49. Rb5 Ra1 50. a5 Ke5 51. Kb6+ Kd6 52. a6 Kd7 53. Kb7 Rc1 54. a7 Rc7+ 55. Ka6 Rc8 56. Rb8 Rc6+ 57. Kb5 1-0

[Event "November 21 Late 2023"]
[Site "https://www.chess.com"]
[Date "2023.11.21"]
[Round "2"]
[White "Fier, Alexandr"]
[Black "Martins, Bruno Andre Leite"]
[Result "1/2-1/2"]
[Board "60"]
[TimeControl "180+1"]
[WhiteFideId "2107139"]
[BlackFideId "1942255"]
[WhiteElo "2578"]
[BlackElo "2307"]
[WhiteTeam "BRA"]
[BlackTeam "POR"]
[WhiteClock "0:01:26"]
[BlackClock "0:00:10"]

1. Nf3 Nf6 2. g3 g6 3. Bg2 Bg7 4. O-O O-O 5. d3 d5 6. Nbd2 c5 7. e4 Nc6 8. Re1 Re8 9. exd5 Nxd5 10. Nc4 Rb8 11. a4 b6 12. Bd2 e5 13. Qc1 Nc7 14. Bg5 f6 15. Bh6 Be6 16. Bxg7 Kxg7 17. Nfd2 Bd5 18. Ne4 Qd7 19. h4 h6 20. Ne3 f5 21. Nxd5 Nxd5 22. Nd2 Nf6 23. Nc4 Ng4 24. Bf3 Nd4 25. Bg2 Rbd8 26. Qd1 Qc7 27. c3 Nc6 28. Qf3 Na5 29. Nxa5 bxa5 30. Rad1 Rb8 31. Re2 Qd7 32. Qc6 Qxc6 33. Bxc6 Re6 34. Bf3 Nf6 35. Rde1 Nd7 36. Bd5 Reb6 37. b3 Kf6 38. Bc4 Rd6 39. f4 Re8 40. Bb5 e4 41. dxe4 Rxe4 42. Rxe4 fxe4 43. Rxe4 Nb6 44. Re5 Rd5 45. Re8 Rd1+ 46. Kf2 Rc1 47. Re3 Nd5 48. Rd3 Nxc3 49. Rd6+ Kf5 50. Bd3+ Kg4 51. Rxg6+ Kh3 52. f5 Rd1 53. Bf1+ Kh2 54. f6 Rd6 55. f7 Rxg6 56. f8=Q Rf6+ 57. Qxf6 Ne4+ 58. Kf3 Nxf6 59. Bc4 h5 60. Bf7 Kh3 61. Kf4 Kg2 62. Kf5 Nd7 63. g4 hxg4 64. Be6 Nf8 65. Bd5+ Kh3 66. h5 g3 67. h6 g2 68. Bxg2+ Kxg2 69. Kf6 Kf3 70. Kf7 Nh7 71. Kg7 Ng5 72. Kg6 Ne6 73. Kf6 Nf8 74. Kf7 Nh7 75. Kg6 Nf8+ 76. Kg7 Ne6+ 77. Kf7 Ng5+ 78. Kg6 Ne6 79. Kf6 Nf8 1/2-1/2

[Event "November 21 Late 2023"]
[Site "https://www.chess.com"]
[Date "2023.11.21"]
[Round "2"]
[White "Rangel, Daniel"]
[Black "Hambleton, Aman"]
[Result "0-1"]
[Board "61"]
[TimeControl "180+1"]
[WhiteFideId "2124475"]
[BlackFideId "2606577"]
[WhiteElo "2267"]
[BlackElo "2511"]
[WhiteTeam "BRA"]
[BlackTeam "CAN"]
[WhiteClock "0:00:45"]
[BlackClock "0:00:26"]

1. c4 c5 2. g3 e6 3. Bg2 a6 4. Nf3 Qc7 5. O-O b6 6. d4 cxd4 7. Qxd4 d6 8. b3 Nf6 9. Nc3 Bb7 10. Ba3 Nbd7 11. Rfd1 Nc5 12. Rac1 Be7 13. Bb2 O-O 14. Ne1 Rac8 15. Bxb7 Qxb7 16. Ng2 b5 17. b4 Ncd7 18. cxb5 axb5 19. e4 Rc4 20. Qd3 Rxb4 21. Ba3 Nc5 22. Qe2 Rc4 23. Ne3 Rxc3 24. Rxc3 b4 25. Rb1 Ncxe4 26. Rcb3 Ng5 27. h4 Nf3+ 28. Kf1 Nd4 29. Qd3 Qh1# 0-1

[Event "November 21 Late 2023"]
[Site "https://www.chess.com"]
[Date "2023.11.21"]
[Round "2"]
[White "Wagner, Dennis"]
[Black "Zeman, Matyas"]
[Result "1/2-1/2"]
[Board "62"]
[TimeControl "180+1"]
[WhiteFideId "24650684"]
[BlackFideId "364398"]
[WhiteElo "2482"]
[BlackElo "2286"]
[WhiteTeam "GER"]
[BlackTeam "CZE"]
[WhiteClock "0:00:07"]
[BlackClock "0:00:03"]

1. e4 e5 2. Nf3 Nc6 3. Bb5 a6 4. Ba4 Nf6 5. Nc3 b5 6. Bb3 Bc5 7. a4 Rb8 8. axb5 axb5 9. d3 O-O 10. Bg5 h6 11. Bxf6 Qxf6 12. Nd5 Qd8 13. c3 Re8 14. g4 Ne7 15. Rg1 Nxd5 16. Bxd5 c6 17. Bb3 d5 18. g5 h5 19. Nh4 g6 20. Qf3 b4 21. Ba4 bxc3 22. bxc3 Bg4 23. Rxg4 hxg4 24. Qxg4 Qa5 25. Kf1 Qxc3 26. Ra2 Rb1+ 27. Kg2 Qxd3 28. Bxc6 Qf1+ 29. Kg3 Rb3+ 30. Nf3 dxe4 31. Qxe4 Qg1+ 32. Kh3 Qf1+ 33. Kg3 Qg1+ 34. Kh3 Re6 35. Bd5 Qf1+ 36. Kg3 Qg1+ 37. Kh3 Qf1+ 38. Kg3 Qg1+ 39. Kh3 1/2-1/2

[Event "November 21 Late 2023"]
[Site "https://www.chess.com"]
[Date "2023.11.21"]
[Round "2"]
[White "Bochnicka, Vladimir"]
[Black "Jarmula, Lukasz"]
[Result "0-1"]
[Board "63"]
[TimeControl "180+1"]
[WhiteFideId "14943450"]
[BlackFideId "1160664"]
[WhiteElo "2170"]
[BlackElo "2372"]
[WhiteTeam "SVK"]
[BlackTeam "POL"]
[WhiteClock "0:00:00"]
[BlackClock "0:00:33"]

1. e4 c6 2. d4 d5 3. e5 Bf5 4. h4 h5 5. c4 e6 6. Nc3 dxc4 7. Bxc4 Nd7 8. Nge2 Be7 9. Ng3 Bg6 10. Nge4 Nb6 11. Bb3 Nh6 12. Bxh6 gxh6 13. g3 a5 14. a3 Qd7 15. O-O Rd8 16. Qd2 Qxd4 17. Qf4 Qd7 18. Rad1 Nd5 19. Nxd5 cxd5 20. Nf6+ Bxf6 21. Qxf6 O-O 22. Rfe1 Qb5 23. Re3 a4 24. Ba2 Qxb2 25. Bxd5 Rxd5 26. Rxd5 exd5 27. g4 Be4 28. f3 Qd4 29. Kf2 Rc8 30. Qxh6 Rc2+ 31. Kg3 Qxe5+ 32. f4 Qg7 33. Qxh5 Rg2+ 34. Kh3 Rg1 35. Kh2 Rxg4 0-1

[Event "November 21 Late 2023"]
[Site "https://www.chess.com"]
[Date "2023.11.21"]
[Round "2"]
[White "Lebedev, Artem S."]
[Black "Sydoryka, Vladyslav"]
[Result "1-0"]
[Board "64"]
[TimeControl "180+1"]
[WhiteFideId "34272747"]
[BlackFideId "14145928"]
[WhiteElo "1952"]
[BlackElo "2271"]
[WhiteTeam "RUS"]
[BlackTeam "UKR"]
[WhiteClock "0:00:03"]
[BlackClock "0:00:02"]

1. e4 c6 2. d4 d5 3. e5 Bf5 4. h4 h5 5. Bd3 Bxd3 6. Qxd3 Qa5+ 7. Nd2 Qa6 8. c4 e6 9. Ngf3 Ne7 10. O-O Nf5 11. Qc2 Be7 12. a4 Nxh4 13. Nxh4 Bxh4 14. Nf3 Be7 15. cxd5 exd5 16. Bg5 Nd7 17. e6 fxe6 18. Qg6+ Kd8 19. Qxg7 Re8 20. Rfe1 c5 21. Ne5 Nxe5 22. Rxe5 Bxg5 23. Qxg5+ Kd7 24. dxc5 Qc4 25. Rae1 Qxc5 26. Qxh5 Re7 27. Qg4 Rae8 28. b4 Qc6 29. Rxd5+ Qxd5 30. Rd1 Kc7 31. Rxd5 exd5 32. Qd4 Rd7 33. g3 Kb8 34. Kg2 Re4 35. Qh8+ Kc7 36. Qc3+ Rc4 37. Qb3 Rc6 38. b5 Rc5 39. Qb4 b6 40. Qf4+ Kb7 41. Qf3 Rc4 42. g4 Rxa4 43. g5 Re4 44. g6 Rg7 45. Qf6 Ree7 46. f4 Rd7 47. f5 d4 48. Qe6 Kb8 49. Qe8+ Kc7 50. Qe5+ Kb7 51. Qe4+ Kc7 52. f6 Rg8 53. Qe5+ Kc8 54. Qf5 d3 55. f7 Rf8 56. g7 Rxf7 57. g8=Q+ Kc7 58. Qgxf7 d2 59. Q7xd7+ Kb8 60. Qc8# 1-0

[Event "November 21 Late 2023"]
[Site "https://www.chess.com"]
[Date "2023.11.21"]
[Round "2"]
[White "Krzyzanowski, Marcin"]
[Black "TheAlienParty"]
[Result "1-0"]
[Board "65"]
[TimeControl "180+1"]
[WhiteFideId "1132199"]
[WhiteElo "2471"]
[BlackElo "2389"]
[WhiteTeam "POL"]
[WhiteClock "0:01:54"]
[BlackClock "0:00:07"]

1. e4 e5 2. Nf3 Nc6 3. Bc4 Bc5 4. c3 Nf6 5. d3 O-O 6. O-O d5 7. exd5 Nxd5 8. Re1 Bg4 9. h3 Bh5 10. a4 a5 11. Nbd2 Nb6 12. Bb5 Kh8 13. Ne4 Nd7 14. Bxc6 bxc6 15. Nxc5 Bxf3 16. Qxf3 Nxc5 17. Rxe5 Nxd3 18. Rh5 Nxc1 19. Rxc1 Qd2 20. Rd1 Qxb2 21. Qf5 g6 22. Qf6+ Kg8 23. Rxh7 Kxh7 24. Rd4 Qc1+ 25. Kh2 c5 26. Rh4+ Qh6 27. Rxh6+ Kxh6 28. f4 Kh7 29. f5 Rae8 30. Qh4+ Kg8 31. Qh6 gxf5 32. Qg5+ Kh7 33. Qxf5+ Kg7 34. Qg5+ Kh7 35. Qxc5 Ra8 36. Qh5+ Kg7 37. Qg5+ Kh7 38. Qf5+ Kg7 39. Qg4+ Kh7 40. Qh4+ Kg7 41. Qg3+ Kh7 42. Qxc7 Ra6 43. Qc4 Rg6 44. Qh4+ Kg7 45. Qd4+ Kh7 46. h4 Rfg8 47. Qe4 Kh6 48. c4 f5 49. Qf4+ Kh5 50. Qxf5+ Kxh4 51. g3+ Rxg3 52. Qh7+ Kg4 53. Qxg8+ Kf4 54. Qxg3+ 1-0

[Event "November 21 Late 2023"]
[Site "https://www.chess.com"]
[Date "2023.11.21"]
[Round "2"]
[White "Willy, Stephen"]
[Black "Korchmar, Vasiliy"]
[Result "1-0"]
[Board "66"]
[TimeControl "180+1"]
[WhiteFideId "30981468"]
[BlackFideId "24131750"]
[WhiteElo "2139"]
[BlackElo "2372"]
[WhiteTeam "USA"]
[BlackTeam "RUS"]
[WhiteClock "0:00:04"]
[BlackClock "0:00:03"]

1. e4 c5 2. c3 d5 3. exd5 Nf6 4. Bb5+ Nbd7 5. c4 g6 6. Nf3 Bg7 7. O-O O-O 8. Nc3 a6 9. Bxd7 Bxd7 10. d3 e6 11. Be3 Rc8 12. Ne4 exd5 13. Nxc5 Bc6 14. Nd4 h5 15. h3 b6 16. Nxc6 Rxc6 17. Nb3 dxc4 18. dxc4 Rxc4 19. Qxd8 Rxd8 20. Bxb6 Rb8 21. Be3 Nd5 22. Rac1 Nxe3 23. fxe3 Re4 24. Rc7 f5 25. Nc5 Rxe3 26. Rd1 Rxb2 27. Rd8+ Kh7 28. Rdd7 Ree2 29. Rxg7+ Kh6 30. Nd3 Rxg2+ 31. Kf1 Rbc2 32. h4 Rxc7 33. Rxc7 Rg4 34. Ne5 Rxh4 35. Rc6 Rf4+ 36. Kg2 Re4 37. Nf7+ Kg7 38. Nd6 Re2+ 39. Kf3 Rxa2 40. Kf4 Ra4+ 41. Ke5 h4 42. Rc7+ Kh6 43. Kf6 Kh5 44. Rh7+ Kg4 45. Kxg6 h3 46. Nxf5 Re4 47. Rh4+ Kf3 48. Rxh3+ Kg2 49. Ra3 Re6+ 50. Kg5 Rb6 51. Kg4 Rb4+ 52. Kg5 Rb6 53. Ra4 Kf3 54. Nh4+ Ke3 55. Ng6 Kd3 56. Nf4+ Kc2 57. Rc4+ Kb3 58. Rc1 Rb5+ 59. Kg4 Kb2 60. Nd3+ Kb3 61. Kf3 a5 62. Ke3 a4 63. Kd2 a3 64. Rb1+ Ka4 65. Ra1 Kb3 66. Nc1+ Kb2 67. Ra2+ Kb1 68. Rxa3 Rd5+ 69. Nd3 Rd8 70. Rc3 Ka2 71. Kc2 Rb8 72. Nc1+ Ka1 73. Ra3# 1-0

[Event "November 21 Late 2023"]
[Site "https://www.chess.com"]
[Date "2023.11.21"]
[Round "2"]
[White "Bashylina, Luisa"]
[Black "Goltsev, Dmitry"]
[Result "1-0"]
[Board "67"]
[TimeControl "180+1"]
[WhiteFideId "12983292"]
[BlackFideId "24176710"]
[WhiteElo "2067"]
[BlackElo "2370"]
[WhiteTeam "GER"]
[BlackTeam "RUS"]
[WhiteClock "0:00:12"]
[BlackClock "0:00:00"]

1. d4 e6 2. Nf3 Nf6 3. g3 b6 4. Bg2 Bb7 5. O-O Be7 6. Nbd2 O-O 7. c4 a5 8. Re1 d5 9. Ne5 Nbd7 10. b3 Nxe5 11. dxe5 Ne4 12. Nxe4 dxe4 13. Bb2 Qxd1 14. Rexd1 Rfd8 15. e3 Kf8 16. Kf1 Ke8 17. Ke2 a4 18. Rd4 axb3 19. axb3 Rdb8 20. Rdd1 Bb4 21. Rxa8 Rxa8 22. Ra1 Rxa1 23. Bxa1 Ke7 24. Bd4 f5 25. exf6+ gxf6 26. f3 e5 27. Bb2 exf3+ 28. Bxf3 Bc8 29. Bd5 Bg4+ 30. Bf3 Bf5 31. g4 Bc2 32. g5 Bxb3 33. gxf6+ Kxf6 34. Kd3 Ba4 35. Be4 h6 36. Bd5 Bb3 37. e4 Ba4 38. Bc1 h5 39. Be3 Be8 40. Bf2 Kg5 41. Be6 Bd6 42. Bf5 1-0

[Event "November 21 Late 2023"]
[Site "https://www.chess.com"]
[Date "2023.11.21"]
[Round "2"]
[White "Schnaider, Ilan"]
[Black "PapaieDudu"]
[Result "1-0"]
[Board "68"]
[TimeControl "180+1"]
[WhiteFideId "169013"]
[WhiteElo "2373"]
[BlackElo "2375"]
[WhiteTeam "ARG"]
[WhiteClock "0:00:10"]
[BlackClock "0:00:06"]

1. Nf3 d5 2. g3 e6 3. Bg2 Nf6 4. c4 Be7 5. d4 O-O 6. O-O dxc4 7. Qc2 a6 8. a4 Nbd7 9. Qxc4 b5 10. Qc6 Rb8 11. axb5 Bb7 12. Qc2 axb5 13. Bf4 Nd5 14. Nc3 Nxf4 15. gxf4 Bd6 16. e3 Nf6 17. Ne5 Bxg2 18. Kxg2 Nd5 19. Nxd5 exd5 20. Nc6 Qh4 21. Qf5 Rbe8 22. Ne5 Re6 23. Nf3 Qe7 24. Qxd5 Rd8 25. Ra8 h6 26. f5 Rf6 27. e4 c6 28. Qxc6 Bxh2 29. Rxd8+ Qxd8 30. Qxb5 Bf4 31. Qd3 g6 32. Rg1 Qc8 33. Kh1 Kh8 34. Ne5 gxf5 35. exf5 Qb7+ 36. Nf3 Qd5 37. Rg4 Rxf5 38. Kg2 h5 39. Rh4 Kg7 40. Kf1 Bh6 41. Rh3 Qe6 42. Rg3+ Kh8 43. Nh4 Rf6 44. d5 Qe5 45. Qc3 Qxc3 46. bxc3 Bf8 47. Rf3 Rd6 48. Rxf7 Bg7 49. Rxg7 Rxd5 50. Ra7 Rc5 51. Ng6+ Kg8 52. Nf4 Rc4 53. Nxh5 Rxc3 54. Ng3 Kf8 55. Kg2 Rc1 56. Ra4 Ke8 57. Rf4 Rb1 58. Rf3 Ke7 59. Re3+ Kf6 60. f4 Kg6 61. Kf3 Kf7 62. Kg4 Kg8 63. Kg5 Kf7 64. Nf5 Rg1+ 65. Ng3 Kg7 66. f5 Kf7 67. f6 Rf1 68. Re7+ Kf8 69. Nxf1 Kg8 70. Kg6 Kf8 71. Ng3 Kg8 72. Re8# 1-0

[Event "November 21 Late 2023"]
[Site "https://www.chess.com"]
[Date "2023.11.21"]
[Round "2"]
[White "Eggleston, Thomas A"]
[Black "Danielyan, Vahe"]
[Result "1-0"]
[Board "69"]
[TimeControl "180+1"]
[WhiteFideId "412139"]
[BlackFideId "13304828"]
[WhiteElo "2169"]
[BlackElo "2376"]
[WhiteTeam "ENG"]
[BlackTeam "ARM"]
[WhiteClock "0:00:17"]
[BlackClock "0:00:42"]

1. e4 c5 2. Nf3 d6 3. Bc4 g6 4. O-O Bg7 5. c3 f6 6. d4 Nd7 7. Qb3 Kf8 8. e5 fxe5 9. Ng5 Ndf6 10. Nf7 Qd7 11. dxe5 dxe5 12. Nxe5 Qf5 13. Nf7 a6 14. Nxh8 Bxh8 15. a4 Kg7 16. Nd2 Rb8 17. a5 Nh6 18. Nf3 Nhg4 19. h3 Ne5 20. Nxe5 Qxe5 21. Be3 Bd7 22. Rae1 Qf5 23. f3 Bc6 24. Be6 Qd3 25. Qc4 Qc2 26. Bxc5 Re8 27. Qe2 Qa4 28. b4 Bb5 29. c4 Bc6 30. Qb2 Kf8 31. Ra1 Rd8 32. Rxa4 Bxa4 33. b5 axb5 34. cxb5 Bg7 35. Qb4 Bc2 36. Bxe7+ Ke8 37. Bxd8 1-0

[Event "November 21 Late 2023"]
[Site "https://www.chess.com"]
[Date "2023.11.21"]
[Round "2"]
[White "Trost, Edvin"]
[Black "Cooper, Aaron"]
[Result "1-0"]
[Board "70"]
[TimeControl "180+1"]
[WhiteFideId "1729519"]
[BlackFideId "2634945"]
[WhiteElo "2385"]
[BlackElo "2336"]
[WhiteTeam "SWE"]
[BlackTeam "CAN"]
[WhiteClock "0:01:10"]
[BlackClock "0:00:07"]

1. e4 c5 2. Nf3 d6 3. d4 cxd4 4. Nxd4 Nf6 5. Nc3 g6 6. f4 Nbd7 7. g4 e5 8. Ndb5 Qb6 9. g5 a6 10. gxf6 axb5 11. Bxb5 Bh6 12. fxe5 Bxc1 13. Qxc1 dxe5 14. Nd5 Qd6 15. O-O h6 16. Kh1 Kf8 17. b4 Nb6 18. Nxb6 Qxb6 19. c4 Be6 20. a4 Qd4 21. Re1 Rc8 22. Ra2 Qd3 23. Re3 Qd8 24. Rf3 Qd4 25. Qe1 Bxc4 26. Rc3 Be6 27. Rxc8+ Bxc8 28. Rd2 Qb6 29. Qc1 Be6 30. Qc5+ Qxc5 31. Rd8# 1-0

[Event "November 21 Late 2023"]
[Site "https://www.chess.com"]
[Date "2023.11.21"]
[Round "2"]
[White "Luxama, Jacques Muller"]
[Black "Djokic, Mihailo"]
[Result "0-1"]
[Board "71"]
[TimeControl "180+1"]
[WhiteFideId "11900113"]
[BlackFideId "976440"]
[WhiteElo "1931"]
[BlackElo "2265"]
[WhiteTeam "HAI"]
[BlackTeam "SRB"]
[WhiteClock "0:00:59"]
[BlackClock "0:02:02"]

1. e4 c5 2. Nf3 d6 3. Bb5+ Bd7 4. Bxd7+ Qxd7 5. O-O Nc6 6. c3 Nf6 7. Re1 e6 8. d4 cxd4 9. cxd4 d5 10. e5 Ne4 11. a3 Be7 12. Qd3 Rc8 13. Nbd2 Nxd2 14. Bxd2 O-O 15. Rac1 a6 16. h4 Rc7 17. Ng5 g6 18. h5 Rfc8 19. Qe3 Bxg5 20. Qxg5 Nxd4 21. Rxc7 Rxc7 22. Bc3 Nf5 23. g4 Qe7 24. Qf4 g5 25. Qd2 Nh4 26. Re3 Rc4 27. Rg3 Rxg4 28. Qe3 Nf5 29. Rxg4 Nxe3 30. fxe3 h6 31. Kf2 b5 32. Kf3 Qb7 33. Bd4 Qc6 34. Rg2 Qc1 35. Re2 Qf1+ 36. Rf2 Qd1+ 37. Kg2 Qxh5 38. Rc2 Qg4+ 39. Kf2 Qf5+ 0-1

[Event "November 21 Late 2023"]
[Site "https://www.chess.com"]
[Date "2023.11.21"]
[Round "2"]
[White "Gubajdullin, Alexei"]
[Black "gpsji27"]
[Result "0-1"]
[Board "72"]
[TimeControl "180+1"]
[WhiteFideId "4141202"]
[WhiteElo "2280"]
[BlackElo "2318"]
[WhiteTeam "RUS"]
[WhiteClock "0:00:19"]
[BlackClock "0:00:16"]

1. d4 d5 2. Nf3 Nf6 3. Bf4 c5 4. e3 Nc6 5. Nbd2 Bf5 6. dxc5 e6 7. Nd4 Bxc5 8. Nxf5 exf5 9. Nb3 Bd6 10. Bxd6 Qxd6 11. Bd3 g6 12. c4 dxc4 13. Bxc4 Qb4+ 14. Nd2 O-O-O 15. a3 Qxb2 16. Rb1 Qc3 17. Rc1 Qa5 18. Qc2 Ne4 19. Bd3 Rxd3 20. O-O Rxd2 21. Qc4 Qd5 22. Qa4 Kb8 23. Rb1 Nc3 24. Qf4+ Qd6 25. Rxb7+ Kxb7 26. Qc4 Ne2+ 27. Kh1 Rd1 28. Qxe2 Rxf1+ 29. Qxf1 Rd8 30. Qb5+ Ka8 31. h3 Qc7 32. g3 Qb7 33. Qc5 Ne5+ 34. Kh2 Nf3+ 35. Kg2 Ne1+ 36. Kf1 Qg2+ 37. Kxe1 Qg1+ 38. Ke2 Qd1# 0-1

[Event "November 21 Late 2023"]
[Site "https://www.chess.com"]
[Date "2023.11.21"]
[Round "2"]
[White "Bazzano, Sebastian"]
[Black "Annaberdiyev, Meylis"]
[Result "0-1"]
[Board "73"]
[TimeControl "180+1"]
[WhiteFideId "104566"]
[BlackFideId "14000563"]
[WhiteElo "2291"]
[BlackElo "2405"]
[WhiteTeam "ARG"]
[BlackTeam "TKM"]
[WhiteClock "0:00:00"]
[BlackClock "0:00:05"]

1. d4 Nf6 2. Bf4 d5 3. e3 e6 4. Nf3 Bd6 5. Ne5 c5 6. c3 Qc7 7. Nd2 Nc6 8. Bb5 O-O 9. Bxc6 bxc6 10. O-O Nd7 11. Nxd7 Bxd7 12. Bxd6 Qxd6 13. Nb3 cxd4 14. cxd4 e5 15. Nc5 e4 16. Rc1 Bf5 17. Qa4 Qg6 18. f4 h5 19. Na6 Rac8 20. Nb4 Qd6 21. Rc5 h4 22. Rfc1 h3 23. Rxc6 Qd7 24. Qc2 hxg2 25. Rxc8 Rxc8 26. Qxc8+ Qxc8 27. Rxc8+ Bxc8 28. Nxd5 Bb7 29. Nc3 Kf8 30. Kxg2 Ke7 31. Kg3 f5 32. Kh4 Kf6 33. Nb5 a5 34. b3 Ba6 35. Nc7 Bd3 36. a3 Ke7 37. b4 a4 38. Kg5 Kd6 39. Ne8+ Kd5 40. Nxg7 Kc4 41. h4 Kb3 42. h5 Kxa3 43. h6 Kb2 44. h7 a3 45. h8=Q a2 46. Qh1 Bb1 47. Qg2+ Ka3 48. Qd2 a1=Q 49. Nxf5 Bd3 50. b5 Kb3 51. b6 Qa8 52. Qd1+ Bc2 53. Qe2 Qg8+ 54. Kf6 Bd3 55. Qd1+ Bc2 56. Qe2 Qf8+ 57. Ke5 Qe8+ 58. Kf6 Qc6+ 59. Ke5 Qxb6 60. Qg4 Qb8+ 61. Nd6 Kc3 62. Qe6 Kd3 63. Qd5 Kxe3 64. Ke6 Bd3 65. Nf5+ Kd2 66. Qe5 Qb3+ 67. Kf6 Bc4 68. Ng3 Qb6+ 69. Kg5 e3 70. Ne4+ Kd3 71. Nc5+ Kd2 72. Ne4+ Ke2 73. Ng3+ Kf2 74. Ne4+ Kf3 75. Nf6 Qb5 76. Qxb5 Bxb5 0-1

[Event "November 21 Late 2023"]
[Site "https://www.chess.com"]
[Date "2023.11.21"]
[Round "2"]
[White "Hamitevici, Vladimir"]
[Black "OKEKE, Isaac Chukwudalu"]
[Result "1-0"]
[Board "74"]
[TimeControl "180+1"]
[WhiteFideId "13902393"]
[BlackFideId "8508526"]
[WhiteElo "2405"]
[BlackElo "2161"]
[WhiteTeam "MDA"]
[BlackTeam "NGR"]
[WhiteClock "0:00:18"]
[BlackClock "0:00:00"]

1. c4 e5 2. a3 Nf6 3. d3 d5 4. cxd5 Nxd5 5. Nf3 Nc6 6. e4 Nf6 7. Qc2 Bg4 8. Nbd2 a5 9. Be2 Be7 10. O-O O-O 11. h3 Bxf3 12. Nxf3 a4 13. Be3 Qd6 14. Rac1 Rfd8 15. Rfd1 Qe6 16. Ng5 Qd7 17. Qc4 Bf8 18. Nf3 Ne8 19. d4 Nd6 20. Qc2 exd4 21. Nxd4 Nxd4 22. Rxd4 Qe7 23. Qxc7 Rd7 24. Qc2 Rc8 25. Qxa4 Rxc1+ 26. Bxc1 Rc7 27. Bf4 Rc6 28. Bf3 b5 29. Qb3 Qa7 30. Rxd6 Bxd6 31. e5 Rc4 32. Be3 Qd7 33. exd6 Qxd6 34. Qxb5 Rc8 35. g3 h6 36. Kg2 Qf6 37. a4 Rc2 38. b4 Qe5 39. Qxe5 1-0

[Event "November 21 Late 2023"]
[Site "https://www.chess.com"]
[Date "2023.11.21"]
[Round "2"]
[White "Liu, Leonardo"]
[Black "Lizak, Peter"]
[Result "0-1"]
[Board "75"]
[TimeControl "180+1"]
[WhiteFideId "30965780"]
[BlackFideId "731595"]
[WhiteElo "2270"]
[BlackElo "2420"]
[WhiteTeam "USA"]
[BlackTeam "HUN"]
[WhiteClock "0:00:11"]
[BlackClock "0:00:12"]

1. e4 c6 2. Nf3 d5 3. Nc3 dxe4 4. Nxe4 Nf6 5. Qe2 Na6 6. d4 Nb4 7. a3 Nbd5 8. c4 Nxe4 9. Qxe4 Nf6 10. Qc2 Bg4 11. Be3 Bxf3 12. gxf3 g6 13. h4 Bg7 14. Bd3 Nh5 15. O-O-O Qd6 16. Kb1 O-O 17. f4 Nxf4 18. Be4 Ne6 19. d5 cxd5 20. Rxd5 Qc7 21. h5 f5 22. hxg6 hxg6 23. Bf3 Rac8 24. b3 a5 25. a4 b6 26. Bh6 Nc5 27. Ka2 e6 28. Rdd1 Qe5 29. Bxg7 Kxg7 30. Qc1 Rh8 31. Rdg1 Rxh1 32. Rxh1 f4 33. Qc2 Rd8 34. Rg1 Qf5 35. Qc3+ Qf6 36. Qc2 Rd3 37. Be2 Rxb3 38. Qxb3 Nxb3 39. Kxb3 Qd4 40. Bd1 Qxf2 41. Rg4 Qe3+ 42. Kb2 f3 43. Bc2 f2 44. Rxg6+ Kf7 45. Rh6 f1=Q 46. Rh7+ Kg8 47. Rb7 Qd4+ 48. Kb3 Qfa1 49. Rb8+ Kg7 50. Rb7+ Kf6 51. Rxb6 Qab2# 0-1